 Dungeon Crawl Stone Soup version 0.30-a0-808-g6e0788376e (webtiles) character file.

Game seed: 8971961554658681258

1404 pokeman the Thaumaturge (level 8, -3/44 HPs)
             Began as a Deep Elf Hedge Wizard on Feb 26, 2023.
             Was an Initiate of Vehumet.
             Slain by an orc
             ... wielding a +0 trident
              (9 damage)
             ... on level 6 of the Dungeon.
             The game lasted 00:11:52 (6995 turns).

pokeman the Thaumaturge (Deep Elf Hedge Wizard)     Turns: 6995, Time: 00:11:52

Health: -3/44      AC:  3    Str:  7    XL:     8   Next: 42%
Magic:  14/23      EV: 13    Int: 22    God:    Vehumet [......]
Gold:   52         SH:  0    Dex: 14    Spells: 15/26 levels left

rFire   . . .      SeeInvis .    s - +0 shortbow
rCold   . . .      Faith    .    (shield currently unavailable)
rNeg    . . .      Spirit   .    b - +0 robe
rPois   .          Reflect  .    c - +0 hat
rElec   .          Harm     .    B - +0 cloak
rCorr   .          Rampage  .    (no gloves)
Will    +....                    (no boots)
Stlth   ++                       (no amulet)
HPRegen 0.27/turn                D - ring of willpower
MPRegen 0.18/turn                (no ring)

@: no status effects
A: no striking features
a: Renounce Religion


You were on level 6 of the Dungeon.
You worshipped Vehumet.
Vehumet was noncommittal.
You visited 2 branches of the dungeon, and saw 7 of its levels.

You collected 222 gold pieces.
You spent 170 gold pieces at shops.

Inventory:

Hand Weapons
 a - a +2 falchion of holy wrath
 s - a +0 shortbow (weapon)
 v - the +1 dagger "Fenwiush" {flame, Int+5}
   (You took it off an orc on level 3 of the Dungeon)

   Int:       It affects your intelligence (+5).
Armour
 b - a +0 robe (worn)
 c - a +0 hat (worn)
 B - a +0 cloak (worn)
Jewellery
 D - a ring of willpower (left hand)
Wands
 A - a wand of acid (12)
Scrolls
 e - 4 scrolls of magic mapping
 f - a scroll of amnesia {unknown}
 g - a scroll of noise {unknown}
 k - 2 scrolls of fear {unknown}
 l - 11 scrolls of identify
 m - 3 scrolls of blinking {unknown}
 p - 2 scrolls of teleportation {unknown}
 t - 2 scrolls of fog {unknown}
 w - a scroll of enchant armour {unknown}
 y - a scroll of vulnerability {unknown}
 C - a scroll of immolation {unknown}
 E - a scroll of silence {unknown}
Potions
 d - a potion of magic
 h - 4 potions of curing {unknown}
 i - a potion of mutation {unknown}
 j - a potion of degeneration {unknown}
 n - a potion of cancellation {unknown}
 o - a potion of brilliance {unknown}
 q - a potion of berserk rage {unknown}
 r - 3 potions of attraction {unknown}
 u - a potion of resistance {unknown}
 x - a potion of heal wounds {unknown}
 z - a potion of haste {unknown}


   Skills:
 - Level 2.0 Fighting
 + Level 2.6 Armour
 - Level 3.0 Dodging
 - Level 3.0 Stealth
 * Level 9.6 Spellcasting
 + Level 5.0 Conjurations
 + Level 3.6 Summonings
 - Level 1.1 Translocations
 - Level 1.0 Air Magic
 + Level 0.1 Earth Magic
 - Level 2.0 Poison Magic
 - Level 1.0 Evocations


You had 15 spell levels left.
You knew the following spells:

 Your Spells              Type           Power      Damage    Failure   Level
a - Magic Dart            Conj           100%       1d8       1%          1
b - Mephitic Cloud        Conj/Pois/Air  22%        N/A       6%          3
c - Call Imp              Summ           26%        N/A       2%          2
d - Blink                 Tloc           30%        N/A       6%          2
e - Stone Arrow           Conj/Erth      44%        3d9       6%          3

Your spell library contained the following spells:

 Spells                   Type           Power      Damage    Failure   Level
 Slow                     Hex            40%        N/A       6%          1
 Cigotuvi's Dreadful Rot  Necr/Pois/Air  30%        N/A       6%          2
 Ensorcelled Hibernation  Hex/Ice        20%        N/A       10%         2
 Passwall                 Tmut/Erth      8%         N/A       10%         2
 Spider Form              Tmut/Pois      15%        N/A       12%         3
 Swiftness                Air            15%        N/A       13%         3
 Animate Armour           Summ/Erth      36%        N/A       28%         4
 Anguish                  Hex/Necr       5%         N/A       54%         4
 Lehudib's Crystal Spear  Conj/Erth      11%        10d4      100%        8


Dungeon Overview and Level Annotations

Branches:
Dungeon (6/15)             Temple (1/1) D:6

Altars:
Hepliaklqana
Vehumet
Zin
The Shining One

Shops:
D:4 ?


Message History

The magic dart hits the orc.
The orc is severely wounded.
The orc closely misses you. The orc barely misses you.
Casting: Magic Dart (safe; 1% risk of failure)
Confirm with . or Enter, or press ? or * to list all spells.
Aiming: Magic Dart (safe; 1% risk of failure)
Press: ? - help, Shift-Dir - straight line, f/p - orc
Aim: an orc, wielding a +0 trident and wearing a +0 chain mail (severely wounded, 100% to hit)
The magic dart hits the orc.
The orc is almost dead.
The orc closely misses you. x2
Casting: Magic Dart (safe; 1% risk of failure)
Confirm with . or Enter, or press ? or * to list all spells.
Aiming: Magic Dart (safe; 1% risk of failure)
Press: ? - help, Shift-Dir - straight line, f/p - orc
Aim: an orc, wielding a +0 trident and wearing a +0 chain mail (almost dead, 100% to hit)
The magic dart hits the orc but does no damage.
The orc is almost dead.
The orc hits you from afar with a +0 trident.
The orc hits you with a +0 hand axe.
Casting: Magic Dart (safe; 1% risk of failure)
Confirm with . or Enter, or press ? or * to list all spells.
Aiming: Magic Dart (safe; 1% risk of failure)
Press: ? - help, Shift-Dir - straight line, f/p - orc
Aim: an orc, wielding a +0 trident and wearing a +0 chain mail (almost dead, 100% to hit)
The magic dart hits the orc but does no damage.
The orc is almost dead.
The orc hits you from afar with a +0 trident!
* * * LOW HITPOINT WARNING * * *
The orc hits you with a +0 hand axe.
* * * LOW HITPOINT WARNING * * *
Casting: Magic Dart (safe; 1% risk of failure)
Confirm with . or Enter, or press ? or * to list all spells.
Aiming: Magic Dart (safe; 1% risk of failure)
Press: ? - help, Shift-Dir - straight line, f/p - orc
Aim: an orc, wielding a +0 trident and wearing a +0 chain mail (almost dead, 100% to hit)
The magic dart hits the orc but does no damage.
The orc is almost dead.
The orc hits you from afar with a +0 trident!
You die...

#.#.#....#..#
#.#.#.##....# #(
..........#.###)##
.#.##.#.#.#......#
.#....#.#...###..#
............# #..#
.........##.# .o#
###########.####)#
#....o@# ########


You could see 2 orcs.

Vanquished Creatures
  3 ice beasts
  3 black bears
  A phantom (D:5)
  2 scorpions
  2 howler monkeys
  3 hounds
  3 orc priests
  A jelly (D:4)
  An orc wizard (D:5)
  4 iguanas
  4 gnolls (D:3)
  6 adders
  An ufetubus (D:4)
  A worm (D:4)
  25 orcs
  A bat (D:1)
  5 endoplasms
  5 giant cockroaches
  7 goblins
  7 hobgoblins
  8 jackals
  12 kobolds
  3 quokkas
  8 ball pythons
  2 frilled lizards
  5 rats
123 creatures vanquished.

Vanquished Creatures (collateral kills)
  An orc wizard (D:4)
1 creature vanquished.

Grand Total: 124 creatures vanquished

Notes
Turn   | Place    | Note
-------+----------+-------------------------------------------
     0 | D:1      | pokeman the Deep Elf Hedge Wizard began the quest for the
                  | Orb.
     0 | D:1      | Reached XP level 1. HP: 10/10 MP: 7/7
   284 | D:1      | Reached XP level 2. HP: 15/15 MP: 6/9
   790 | D:1      | Reached skill level 5 in Spellcasting
  1162 | D:1      | Reached XP level 3. HP: 20/20 MP: 7/11
  1166 | D:1      | Learned a level 3 spell: Mephitic Cloud
  1169 | D:1      | Learned a level 2 spell: Call Imp
  1172 | D:1      | Learned a level 2 spell: Blink
  1480 | D:2      | Reached skill level 1 in Fighting
  1480 | D:2      | Reached skill level 1 in Armour
  1480 | D:2      | Reached XP level 4. HP: 21/25 MP: 0/13
  2518 | D:3      | Found a faded altar of an unknown god.
  2591 | D:3      | Reached skill level 6 in Spellcasting
  2591 | D:3      | Reached XP level 5. HP: 25/29 MP: 0/15
  2716 | D:3      | Identified the +1 dagger "Fenwiush" {flame, Int+5}
  3325 | D:3      | Reached skill level 1 in Air Magic
  3509 | D:3      | Reached skill level 1 in Poison Magic
  3590 | D:4      | Reached XP level 6. HP: 34/34 MP: 10/17
  3767 | D:4      | Reached skill level 7 in Spellcasting
  4300 | D:4      | Found Igrot's Magic Scroll Boutique.
  4310 | D:4      | Bought a scroll of identify for 22 gold pieces
  4310 | D:4      | Bought a scroll of magic mapping for 82 gold pieces
  4310 | D:4      | Bought a scroll of identify for 22 gold pieces
  4310 | D:4      | Bought a scroll of identify for 22 gold pieces
  4310 | D:4      | Bought a scroll of identify for 22 gold pieces
  4465 | D:4      | Reached XP level 7. HP: 13/40 MP: 10/20
  4923 | D:4      | Reached skill level 8 in Spellcasting
  5070 | D:5      | Entered Level 5 of the Dungeon
  5547 | D:5      | Reached XP level 8. HP: 32/44 MP: 16/22
  5752 | D:5      | Reached skill level 9 in Spellcasting
  5752 | D:5      | Reached skill level 1 in Evocations
  6340 | D:5      | Reached skill level 5 in Conjurations
  6640 | D:5      | Learned a level 3 spell: Stone Arrow
  6845 | D:6      | Found a staircase to the Ecumenical Temple.
  6854 | Temple   | Entered the Ecumenical Temple
  6912 | Temple   | Became a worshipper of Vehumet
  6995 | D:6      | Slain by an orc

Illustrated notes

Levels and vault maps discovered:
D:1:      arrival_zaba_pyramid, layout_basic, minmay_3d_cube
D:2:      layout_basic
D:3:      layout_basic, dreamdust_ecumenical_altar_angels_and_demons,
          serial_glass, glass_columns_c, glass_columns_c,
          minmay_randomly_rotated_circles
D:4:      layout_gridville, serial_shops, nicolae_shop_advertising_works
          [nicolae_subvault_shop_adworks]
D:5:      layout_layer_cave
D:6:      layout_basic, minmay_temple_entry_ruins, minmay_ruined_shrine
Temple:   mainiacjoe_temple_big_plus

Skill      XL: |  1  2  3  4  5  6  7  8 |
---------------+-------------------------+-----
Spellcasting   | 5 6 7 8 9 |  9.6
Fighting       | 1 2 |  2.0
Armour         | 1 2 |  2.6
Conjurations   | 2 3 4 5 |  5.0
Stealth        | 3 |  3.0
Dodging        | 3 |  3.0
Air Magic      | 1 |  1.0
Poison Magic   | 1 2 |  2.0
Summonings     | 2 3 |  3.6
Evocations     | 1 |  1.0
Translocations | |  1.1
Earth Magic    | |  0.1

Action                     |  1- 3 |  4- 6 |  7- 9 || total
---------------------------+-------+-------+-------++-------
  Melee: Dagger            |       |     4 |       ||     4
         Falchion          |       |       |     1 ||     1
   Fire: Shortbow          |       |    71 |    72 ||   143
   Cast: Magic Dart        |    74 |   147 |    76 ||   297
         Mephitic Cloud    |       |    11 |    13 ||    24
         Call Imp          |       |     1 |     6 ||     7
         Blink             |       |     1 |     4 ||     5
 Armour: Robe              |     1 |    19 |     4 ||    24
  Dodge: Dodged            |     9 |    59 |    57 ||   125

Table legend: (Time is in decaauts)
 A = Elapsed time spent in this place.
 B = Non-inter-level travel time spent in this place.
 C = Inter-level travel time spent in this place.
 D = Time resting spent in this place.
 E = Time spent auto-exploring this place.
 F = Levels seen in this place.
 G = Mean time per level.
                   A        B        C        D        E       F      G
               +--------+--------+--------+--------+--------+-----+--------+
         Total |   7065 |   6786 |    279 |    262 |   5599 |   7 | 1009.3 |
       Dungeon |   6968 |   6726 |    242 |    262 |   5549 |   6 | 1161.3 |
        Temple |     96 |     59 |     37 |      0 |     50 |   1 |   96.0 |
               +--------+--------+--------+--------+--------+-----+--------+

Top non-repeatable levels by time:
     D:4: 1705 daAuts
     D:5: 1595 daAuts
     D:3: 1390 daAuts
     D:1: 1320 daAuts
     D:2: 886 daAuts
  Temple: 96 daAuts
     D:6: 69 daAuts
